 Dungeon Crawl Stone Soup version 0.17.0-23-g0de4337 (webtiles) character file.

189 HaroldButt the Gusty (level 5, -1/38 HPs)
             Began as a Demigod Air Elementalist on Nov 15, 2015.
             Killed from afar by Natasha (5 damage)
             ... with a magic dart
             ... on level 3 of the Dungeon.
             The game lasted 00:14:07 (3048 turns).

HaroldButt the Gusty (Demigod Air Elementalist)     Turns: 3048, Time: 00:14:07

Health: -1/38      AC:  3    Str: 11    XL:     5   Next: 16%
Magic:  1/10       EV: 12    Int: 21    God:
Gold:   112        SH:  0    Dex: 16    Spells: 2 memorised, 4 levels left

rFire  . . .     SeeInvis .     n - +2 spear (venom)
rCold  . . .     Clarity  .     a - +0 robe
rNeg   + . .     SustAt   +     (no shield)
rPois  .         Gourm    .     (no helmet)
rElec  .         Spirit   .     s - +0 cloak (curse)
rCorr  .         Warding  +     (no gloves)
rMut   .         Stasis   .     (no boots)
MR     .....                    l - amulet of warding
Stlth  ++........               (no ring)
                                (no ring)

@: swift (expiring), quick, not resistant to hostile enchantments, unstealthy
A: high mp 1, sustain attributes
a: no special abilities


You were on level 3 of the Dungeon.
You were not hungry.

You visited 1 branch of the dungeon, and saw 3 of its levels.

You collected 112 gold pieces.

Inventory:

Hand Weapons
 e - a +0 dagger
 n - a +2 spear of venom (weapon)
 y - a +0 blowgun
Missiles
 f - 87 stones (quivered)
 A - 6 curare-tipped needles
 B - 12 poisoned needles
Armour
 a - a +0 robe (worn)
 s - a cursed +0 cloak (worn)
Jewellery
 g - an uncursed amulet of stasis {unknown}
 l - an amulet of warding (around neck)
 p - an uncursed ring of wizardry {unknown}
Scrolls
 d - 4 scrolls of remove curse {unknown}
 h - a scroll of noise {unknown}
 i - a scroll of random uselessness {unknown}
 j - 2 scrolls of fear {unknown}
 k - a scroll of identify {unknown}
 o - a scroll of recharging {unknown}
 q - a scroll of blinking {unknown}
 u - a scroll of enchant weapon {unknown}
 v - a scroll of magic mapping {unknown}
Potions
 m - a potion of haste {unknown}
 r - a potion of heal wounds {unknown}
 x - a potion of lignification {unknown}
Books
 b - a book of Air

   Spells                             Type                      Level
   a - Shock                          Conjuration/Air              1
   b - Swiftness                      Charms/Air                   2
   c - Repel Missiles                 Charms/Air                   2
   d - Static Discharge               Conjuration/Air              3
   e - Lightning Bolt                 Conjuration/Air              5
Comestibles
 c - 3 bread rations
 t - a meat ration
 w - 3 fruits
 z - a chunk of flesh
 C - a royal jelly


   Skills:
 - Level 1.7 Dodging
 - Level 1.7 Stealth
 - Level 1.7 Spellcasting
 + Level 2.4 Conjurations
 - Level 5.0 Air Magic


You had 4 spell levels left.
You knew the following spells:

 Your Spells              Type           Power        Failure   Level  Hunger
a - Shock                 Conj/Air       ###.         3%          1    #......
b - Swiftness             Chrm/Air       ##......     12%         2    ###....


Dungeon Overview and Level Annotations

Branches:
Dungeon (3/15)

Annotations:
D:3 Natasha


Innate Abilities, Weirdness & Mutations

You have an increased reservoir of magic (+10% MP).
Your attributes are resistant to harm.


Message History

An iguana comes into view.
The iguana hisses angrily.
The orc throws a tomahawk.
The tomahawk barely misses you.
The orc throws a tomahawk.
The tomahawk completely misses you.
The orc throws a tomahawk.
The tomahawk completely misses you.
You see here a tomahawk.
Casting: Shock
Confirm with . or Enter, or press ? or * to list all spells.
You feel quick. The iguana bites you!
* * * LOW HITPOINT WARNING * * *
Natasha, Servant of Life and Death comes into view.
A giant newt comes into view.
Natasha hisses angrily.
Natasha stares at you and mumbles some strange words.
The magic dart hits you!
* * * LOW HITPOINT WARNING * * *
You start to feel a little slower.
Natasha stares at you and mumbles some strange words.
The magic dart hits you!
You die...

##..######..## #lh#
#...# #..# #..# #..#
#..# #..# #..#
#####.h#######..#
#.....l.........#
#.######......#.#
#.# ###.##@#.# #l#
#.##<#.# #.#
#.##.#.#
####.########.##.#.#
....o......##.##.#.#
####.#####.........#
##.## ##.#.######
##...## #.#.#
##.....####..)##


You could see an iguana and Natasha.

Vanquished Creatures
  A crimson imp (D:3)
  An orc wizard (D:3)
  Natasha (D:3)
  2 adders (D:3)
  An ooze (D:3)
  A worm (D:2)
  2 giant geckos (D:1)
  3 orcs (D:3)
  2 ball pythons (D:1)
  9 bats
  A giant cockroach (D:1)
  17 hobgoblins
  8 kobolds
  6 giant newts
  11 goblins
  5 rats
71 creatures vanquished.

Notes
Turn   | Place    | Note
--------------------------------------------------------------
     0 | D:1      | HaroldButt the Demigod Air Elementalist began the quest for the Orb.
     0 | D:1      | Reached XP level 1. HP: 14/14 MP: 5/5
    95 | D:1      | Reached skill level 3 in Air Magic
   397 | D:1      | Reached XP level 2. HP: 20/20 MP: 4/7
   402 | D:1      | Learned a level 2 spell: Swiftness
  1186 | D:1      | Reached XP level 3. HP: 26/26 MP: 8/8
  1296 | D:1      | Reached skill level 4 in Air Magic
  2393 | D:3      | Found a faded altar to an unknown god.
  2647 | D:3      | Reached XP level 4. HP: 21/33 MP: 2/9
  2769 | D:3      | Reached skill level 5 in Air Magic
  2872 | D:3      | Reached skill level 1 in Conjurations
  2914 | D:3      | Noticed Natasha
  2920 | D:3      | Killed Natasha
  2999 | D:3      | Reached XP level 5. HP: 20/38 MP: 2/10
  3039 | D:3      | Noticed Natasha
  3048 | D:3      | Killed from afar by Natasha

Action                   |  1- 3 |  4- 6 || total
-------------------------+-------+-------++-------
Melee: Dagger            |    27 |       ||    27
       Unarmed           |     2 |       ||     2
       Spear             |    64 |    14 ||    78
 Fire: Blowgun           |       |     1 ||     1
 Cast: Shock             |    85 |    19 ||   104
       Swiftness         |       |     1 ||     1
  Use: Potion            |     1 |       ||     1
 Stab: Sleeping          |     5 |     2 ||     7
  Eat: Chunk             |     6 |     2 ||     8
